 Dungeon Crawl Stone Soup version 0.17.0-26-gececa24 (console) character file.

5 jw the Cutter (level 1, -2/16 HPs)
             Began as an Octopode Berserker on Nov 20, 2015.
             Was a Follower of Trog.
             Slain by a kobold (3 damage)
             ... on level 1 of the Dungeon.
             The game lasted 00:00:32 (156 turns).

jw the Cutter (Octopode Berserker)                   Turns: 156, Time: 00:00:32

Health: -2/16      AC:  1    Str: 16    XL:     1   Next: 80%
Magic:  1/1        EV: 12    Int:  9    God:    Trog [*.....]
Gold:   41         SH:  0    Dex: 11    Spells: 0 memorised, 0 levels left

rFire  . . .     SeeInvis .     a - +0 short sword
rCold  . . .     Clarity  .     (no shield)
rNeg   . . .     SustAt   .     (helmet restricted)
rPois  .         Gourm    .     (no amulet)
rElec  .         Spirit   .     (no ring)
rCorr  .         Warding  .     (no ring)
rMut   .         Stasis   .     (no ring)
MR     .....                    (no ring)
Stlth  +++.......               (no ring)
                                (no ring)
                                (no ring)
                                (no ring)

@: not resistant to hostile enchantments, fairly stealthy
A: almost no armour, amphibious, 8 rings, constrict 8, camouflage 1, gelatinous
body 1
a: Berserk, Burn Spellbooks, Renounce Religion


You were on level 1 of the Dungeon.
You worshipped Trog.
Trog was aware of your devotion.
You were not hungry.

You visited 1 branch of the dungeon, and saw 1 of its levels.

You collected 41 gold pieces.

Inventory:

Hand Weapons
 a - a +0 short sword (weapon)
Scrolls
 c - a scroll of enchant weapon {unknown}
Comestibles
 b - a bread ration


   Skills:
 + Level 3.0 Fighting
 * Level 3.1 Short Blades
 + Level 0.0 Throwing
 + Level 3.0 Dodging
 * Level 1.3 Stealth


You couldn't memorise any spells.
You didn't know any spells.

Dungeon Overview and Level Annotations

Branches:
Dungeon (1/15)

Altars:


Innate Abilities, Weirdness & Mutations

You cannot wear most types of armour.
You are amphibious.
You can wear up to eight rings at the same time.
You can use your tentacles to constrict eight enemies at once.
Your skin changes colour to match your surroundings (Stealth).
Your rubbery body absorbs attacks (AC +1).


Message History

The rat barely misses you.
MOVING TO (2,-4)
An ooze comes into view.
The ooze moves out of view.
The giant gecko barely misses you.
Found a stone staircase leading down.
MOVING TO (1,-3)
The giant gecko barely misses you.
MOVING TO (1,-2)
The kobold barely misses you. The hobgoblin hits you.
MOVING TO (1,-1) MOVING TO (2,3)
You hit the giant gecko.
You kill the giant gecko!
Trog accepts your kill.
Your Stealth skill increases to level 1!
The hobgoblin completely misses you. The kobold hits you but does no damage.
MOVING TO (2,2)
You barely miss the rat. You grab the rat. You constrict the rat.
The rat bites you. The hobgoblin barely misses you. The kobold hits you.
You die...

........ ......
.... .....# ....>
..... ........
#... ......###...
#......##.#
##.#....#gx###
#........K%r.#
.###..........#.#
.....!........#.#
..........!...# #
..............#
.######.##....#
###..##...##
##...........


You could see a hobgoblin, a kobold and a rat.

Table legend:
 A = Turns spent in this place as a percentage of turns spent in the entire game.
 B = Non-inter-level travel turns spent in this place as a percentage of non-inter-level travel turns spent in the entire game.
 C = Inter-level travel turns spent in this place as a percentage of turns spent in this place.
 D = Turns resting spent in this place as a percentage of non-inter-level travel turns spent in this place.
 E = Turns spent auto-exploring this place as a percentage of non-inter-level travel turns spent in this place.
 F = Non-inter-level travel turns spent in this place divided by the number of levels of this place that you've seen.
                   A       B       C       D       E      F
               +-------+-------+-------+-------+-------+----------------------
         Total | 100.0 | 100.0 |   0.0 |   0.9 |   3.0 | 232.0
       Dungeon | 100.0 | 100.0 |   0.0 |   0.9 |   3.0 | 232.0
               +-------+-------+-------+-------+-------+----------------------

Table legend:
 A = Kills in this place as a percentage of kills in entire the game.
 B = Kills by you in this place as a percentage of kills by you in the entire game.
 C = Kills by friends in this place as a percentage of kills by friends in the entire game.
 D = Other kills in this place as a percentage of other kills in the entire game.
 E = Experience gained in this place as a percentage of experience gained in the entire game.
 F = Experience gained in this place divided by the number of levels of this place that you have seen.
                   A       B       C       D       E      F
               +-------+-------+-------+-------+-------+----------------------
         Total | 100.0 | 100.0 |  -nan |  -nan | 100.0 |   8.0
       Dungeon | 100.0 | 100.0 |  -nan |  -nan | 100.0 |   8.0
               +-------+-------+-------+-------+-------+----------------------

Vanquished Creatures
  A giant gecko (D:1)
  2 hobgoblins (D:1)
  A kobold (D:1)
4 creatures vanquished.

Notes
Turn   | Place    | Note
--------------------------------------------------------------
     0 | D:1      | jw the Octopode Berserker began the quest for the Orb.
     0 | D:1      | Reached XP level 1. HP: 16/16 MP: 1/1
   155 | D:1      | Reached skill level 1 in Stealth
   156 | D:1      | Slain by a kobold

Action                   || total
-------------------------++-------
Melee: Short sword       ||     6

Vault maps used:
D:1:      wheals_arrival_linesprint
